 Dungeon Crawl Stone Soup version 0.25-a0-781-gc44aebf4fe (webtiles) character file.

Game seed: 16554738182025198824, levelgen mode: deterministic

25 Maedhros the Charlatan (level 3, -2/23 HPs)
             Began as an Octopode Artificer on Apr 15, 2020.
             Slain by an orc priest
             ... wielding a +0 war axe
              (10 damage)
             ... on level 4 of the Dungeon.
             The game lasted 00:00:40 (560 turns).

Maedhros the Charlatan (Octopode Artificer)          Turns: 560, Time: 00:00:41

Health: -2/23      AC:  1    Str: 11    XL:     3   Next: 6%
Magic:  5/5        EV: 13    Int: 13    God:
Gold:   2          SH:  0    Dex: 13    Spells: 2/2 levels left

rFire    . . .     SeeInvis .   a - +0 short sword
rCold    . . .     Gourm    .   (no shield)
rNeg     . . .     Faith    .   (helmet restricted)
rPois    .         Spirit   .   (no amulet)
rElec    .         Reflect  .   (no ring)
rCorr    .         Harm     .   (no ring)
MR       .....                  (no ring)
Stlth    +++.......             (no ring)
HPRegen  0.07/turn              (no ring)
MPRegen  0.09/turn              (no ring)
                                (no ring)
                                (no ring)

@: no status effects
A: almost no armour, stealthy swim, amphibious, 8 rings, constrict 8, camouflage
1, gelatinous body 1
a: no special abilities


You were on level 4 of the Dungeon.
You were not hungry.

You visited 1 branch of the dungeon, and saw 4 of its levels.

You collected 2 gold pieces.

Inventory:

Hand Weapons
 a - a +0 short sword (weapon)
Wands
 b - a wand of flame (15)
 c - a wand of enslavement (14)
 d - a wand of random effects (14)
 h - a wand of paralysis (6)
Scrolls
 g - 2 scrolls of identify {unknown}
 i - a scroll of magic mapping {unknown}
Potions
 e - a potion of haste {unknown}
Comestibles
 f - 2 rations


   Skills:
 - Level 1.0 Fighting
 - Level 1.0 Short Blades
 - Level 2.0 Dodging
 + Level 2.6 Stealth
 * Level 2.0 Unarmed Combat
 - Level 3.2 Evocations


You had 2 spell levels left.
You didn't know any spells.
Your spell library was empty.

Dungeon Overview and Level Annotations

Branches:
Dungeon (4/15)
 Temple: D:4-7

Altars:
Ashenzari


Innate Abilities, Weirdness & Mutations

You cannot wear most types of armour.
You are very stealthy in the water. (Stealth+)
You are amphibious.
You can wear up to eight rings at the same time.
You can use your tentacles to constrict eight enemies at once.
Your skin changes colour to match your surroundings (Stealth+).
Your rubbery body absorbs attacks. (AC +1, EV +1)


Message History

Your worker ant bites the jackal.
The orc priest shouts!
The jackal barely misses your worker ant.
Your worker ant closely misses the jackal.
The jackal closely misses your worker ant.
Your worker ant bites something.
You feel a bit more experienced.
The orc priest calls down the wrath of Beogh upon you.
Beogh smites you!
Ouch! That really hurt!
You hear a shout!
Found a stone staircase leading down.
Found a stone staircase leading down.
Evoke which item? (* to show all) (? for menu, Esc to quit)
Aiming: Random Effects
Press: ? - help, Shift-Dir - straight line, f - orc priest
Aim: an orc priest, wielding a +0 war axe and wearing a cursed +0 scale mail The orc priest appears confused.
An orc comes into view.
The orc priest hits you with a +0 war axe!
You die...

#. ##..#.#........ #..
##.##<###...... .#
##.###..#..#........
...
#...................
....####..###..###
...##
....###....#...####....
#....#............#
..................#
..###.....@o......
##............
#............
##.....#...##
#....o##..#
.........#..
.....>....# .
#...>....#..
........###.


You could see an orc priest (confused) and an orc.

Vanquished Creatures
  An adder (D:3)
  A leopard gecko (D:2)
  2 ball pythons
  A bat (D:1)
  2 giant cockroaches
  A goblin (D:3)
  3 hobgoblins
  A jackal (D:4)
  A quokka skeleton (D:4)
13 creatures vanquished.

Vanquished Creatures (collateral kills)
  2 jackals (D:4)
2 creatures vanquished.

Grand Total: 15 creatures vanquished

Notes
Turn   | Place    | Note
-------+----------+-------------------------------------------
     0 | D:1      | Maedhros the Octopode Artificer began the quest for the
                  | Orb.
     0 | D:1      | Reached XP level 1. HP: 13/13 MP: 3/3
   103 | D:1      | Reached skill level 1 in Unarmed Combat
   113 | D:1      | Reached XP level 2. HP: 17/18 MP: 4/4
   334 | D:3      | Found a shattered altar of Ashenzari.
   538 | D:4      | Reached XP level 3. HP: 21/23 MP: 5/5
   560 | D:4      | Slain by an orc priest

Levels and vault maps discovered:
D:1:      dpeg_arrival_ternary, layout_basic
D:2:      layout_loops_ring, first_ration, serial_park_tiny_1,
          minmay_pentomino_v4, uniq_crazy_yiuf_cottage, uniq_natasha
D:3:      layout_loops_corners, ashenzari_conservatory_becter,
          gammafunk_temple_overflow_statue, chequers_ecumenical_altar_twisty
D:4:      layout_cave_pools, elyvilon_altar_1, kennysheep_little_box,
          vehumet_crystals

Skill      XL: |  1  2 |
---------------+-------+-----
Unarmed Combat | 1 2 |  2.0
Stealth        | 2 |  2.6
Fighting       | |  1.0
Short Blades   | |  1.0
Dodging        | |  2.0
Evocations     | |  3.2

Action                   || total
-------------------------++-------
Melee: Short sword       ||    25
       Constrict         ||     7
       Tentacles         ||     6
Evoke: Wand              ||     2
 Stab: Distracted        ||     1
       Sleeping          ||     5
Armor: Skin              ||     2
Dodge: Dodged            ||    18

Table legend:
 A = Non-vault XP
 B = Vault XP
 C = Vault XP percentage of total XP
 D = Non-vault monster count
 E = Vault monster count
 F = Vault count percentage of total count
                 A         B        C        D         E       F
            +---------+---------+-------+---------+---------+-------
      Total |      37 |       0 |   0.0 |      15 |       0 |   0.0
            +---------+---------+-------+---------+---------+-------
        D:1 |      10 |       0 |   0.0 |       5 |       0 |   0.0
        D:2 |       7 |       0 |   0.0 |       3 |       0 |   0.0
        D:3 |      16 |       0 |   0.0 |       3 |       0 |   0.0
        D:4 |       4 |       0 |   0.0 |       4 |       0 |   0.0
            +---------+---------+-------+---------+---------+-------
